cohdb
Replays
Latest Replays
All Replays
Popular Replays
Top Player Replays
Match Explorer
How It Works
Community
CoH3 Stats
Reddit
Sign in to upload your games and track your stats! →
Sign in with Steam
Match 45393421
Unlisted
Match 45393421
Overview
Messages
Build Orders
End
Vickers Machine Gun Team
Royal Engineer Section
Construct Section Command Post
Infantry Section
Infantry Section
Grenade Package
Construct Platoon Command Post
Infantry Section
Infantry Section
Selects Air and Sea Battlegroup
Selects Supply Surplus
Construct Field Infirmary
Forward Retreat Point
6-pounder Anti-tank Gun Team
6-pounder Anti-tank Gun Team
Selects UNKNOWN (223837)
Selects Commando Section Paradrop
Selects M1 Pack Howitzer Paradrop
Construct Company Command Post
Matilda II Heavy Tank
Matilda II Heavy Tank
Armored Vehicle Training
Selects Anti-tank Rocket Loiter
Selects Anti-tank Rocket Loiter
Royal Engineer Section
Foot Guards Section
Foot Guards Section
人怂手抖不敢刚
BieTaMaShuoYingYu
只因未来
火鸡
[PD] Ducktus
[PD] [9C] [FT] Claudius Tacitus
Nico-Nico-Nii~~
Murloc Guy
0
0
Comments
sign in to comment!
No comments posted yet!